 Dungeon Crawl Stone Soup version 0.18.1-50-g88ac8fd (webtiles) character file.

270680 nikopol the Executioner (level 19, 0/177 HPs)
             Began as a Minotaur Berserker on Oct 8, 2016.
             Was the Champion of Trog.
             Shot with an arrow by a centaur warrior (3 damage)
             ... on level 1 of the Vaults on Oct 9, 2016.
             The game lasted 02:29:04 (48377 turns).

nikopol the Executioner (Minotaur Berserker)       Turns: 48377, Time: 02:29:05

Health: 0/177      AC: 25    Str: 27    XL:     19   Next: 43%
Magic:  18/18      EV: 21    Int:  3    God:    Trog [******]
Gold:   3011       SH:  0    Dex: 16    Spells: 0 memorised, 18 levels left

rFire  + . .     SeeInvis .     a - +5 battleaxe (venom)
rCold  . . .     Gourm    .     J - +8 scale mail of Fortification {rElec rF+ rN+ Int-3}
rNeg   + . .     Faith    .     (shield currently unavailable)
rPois  +         Spirit   .     (helmet unavailable)
rElec  +         Dismiss  +     f - +0 cloak
rCorr  .         Reflect  .     K - +2 pair of gloves {Str+3}
SustAt .         Harm     .     N - +0 pair of boots
MR     +++..                    y - amulet of dismissal
Stlth  ..........               G - +3 ring of slaying
                                F - ring of poison resistance

@: exhausted, marked, very slightly contaminated, regenerating, slowed, very
slow, extremely resistant to hostile enchantments, extremely unstealthy
A: retaliatory headbutt, horns 3, clever 1
a: Berserk, Trog's Hand, Brothers in Arms, Burn Spellbooks, Renounce Religion
}: 2/15 runes: decaying, serpentine


You were on level 1 of the Vaults.
You worshipped Trog.
Trog was exalted by your worship.
You were very hungry.

You visited 6 branches of the dungeon, and saw 34 of its levels.
You also visited: Labyrinth.

You collected 3877 gold pieces.
You spent 866 gold pieces at shops.

Inventory:

Hand Weapons
 a - a +5 battleaxe of venom (weapon)
 n - a +4 antimagic executioner's axe
 z - the +9 shortbow "Vopuz" {flame, rElec Dex+2}
   (Trog gifted it to you on level 2 of the Snake Pit)

   It causes projectiles fired from it to burn those they strike, causing extra
   injury to most foes and up to half again as much damage against particularly
   susceptible opponents.
   It affects your dexterity (+2).
   It insulates you from electricity.
 U - a +2 longbow of evasion
Missiles
 p - 628 arrows (quivered)
Armour
 f - a +0 cloak (worn)
 m - the +0 pair of gloves "Tejenaxy" {rC+ rN+ Stlth-}
   (You bought it in a shop on level 2 of the Orcish Mines)

   It protects you from cold.
   It protects you from negative energy.
   It makes you less stealthy.
 J - the +8 scale mail of Fortification (worn) {rElec rF+ rN+ Int-3}
   (You bought it in a shop on level 9 of the Dungeon)

   It affects your intelligence (-3).
   It protects you from fire.
   It insulates you from electricity.
   It protects you from negative energy.
 K - a +2 pair of gloves of strength (worn)
 N - a +0 pair of boots (worn)
Jewellery
 d - an uncursed ring of protection from cold
 y - an amulet of dismissal (around neck)
 A - an uncursed ring of sustain attributes
 E - an uncursed ring of flight
 F - a ring of poison resistance (left hand)
 G - a +3 ring of slaying (right hand)
 L - an uncursed ring of positive energy
Wands
 k - a wand of digging (16/24)
 V - a wand of teleportation (8/9)
Scrolls
 e - 5 scrolls of magic mapping
 j - 8 scrolls of fear
 r - a scroll of silence
 s - 5 scrolls of blinking
 t - 8 scrolls of remove curse
 w - 15 scrolls of teleportation
 C - 3 scrolls of enchant armour
 D - a scroll of holy word
 M - 3 scrolls of fog
 P - a scroll of summoning
 R - 4 scrolls of enchant weapon
 S - a scroll of brand weapon
 X - 3 scrolls of identify
 Y - 4 scrolls of recharging
Potions
 g - 2 potions of cure mutation
 h - 4 potions of ambrosia
 i - 4 potions of agility
 l - 16 potions of curing
 o - 5 potions of haste
 u - 8 potions of heal wounds
 v - 5 potions of flight
 B - 6 potions of magic
 I - 2 potions of cancellation
 O - a potion of invisibility
 Q - 4 potions of brilliance
 T - 6 potions of might
 Z - 2 potions of resistance
Comestibles
 c - 19 bread rations
 q - 20 meat rations
 x - 27 fruits
 H - 11 royal jellies


   Skills:
 + Level 17.0 Fighting
 * Level 22.4 Axes
 + Level 17.1 Bows
 + Level 16.6 Armour
 + Level 15.4 Dodging


You had 18 spell levels left.
You didn't know any spells.

Dungeon Overview and Level Annotations

Branches:
Dungeon (15/15)            Temple (0/1) D:4            Lair (8/8) D:11
  Swamp (4/4) Lair:3        Snake (4/4) Lair:4        Slime (0/6) Lair:8
    Orc (2/2) D:12            Elf (0/3) Orc:2        Vaults (1/5) D:13
 Depths (0/5) D:15

Altars:
Ashenzari
Cheibriados
Dithmenos
Elyvilon
Fedhas
Makhleb
Nemelex Xobeh
Qazlal
Ru
The Shining One
Beogh

Shops:
D:5 (   D:6 (:   D:7 }   D:9 %[   D:11 :   D:12 (   D:14 =[(%=   D:15 (
Orc:1 (   Orc:2 [[(!

Portals:
Hell: Lair:8


Innate Abilities, Weirdness & Mutations

You reflexively headbutt those who attack you in melee.
You have a pair of large horns on your head.
Your mind is acute. (Int +2)


Message History

The ettin hits you but does no damage.
The centaur shoots an arrow.
The arrow barely misses you.
The arrow hits the redback!
You hear some strange, mumbled words.
The redback misses you. You furiously retaliate!
You headbutt the redback.
You kill the redback!
Trog accepts your kill.
The centaur wields a shortbow.
The centaur shoots an arrow.
The arrow hits you.
* * * LOW HITPOINT WARNING * * *
A centaur, a centaur warrior and a fire giant come into view.
Things that are here:
an arrow; a bolt The ettin hits you with a dire flail!
* * * LOW HITPOINT WARNING * * *
The ettin closely misses you.
The centaur unwields an uncursed shortbow.
The centaur completely misses you.
The centaur unwields an uncursed shortbow.
The centaur closely misses you.
The centaur warrior wields a shortbow.
The centaur warrior shoots an arrow.
The arrow hits you.
You die...

.......# #......# ..#....#
....... .##....# ..... ...##..#
#''# ...#.^.# ### ##(.## .......#
##.## ##C...## .......########
##...## ##......#
#######.......###C.1).###(.L.....
#....)cc'.@((C)u)c.p..##...
#..#....#cc....eC)....##...
#...#...###.....###........
#....#..# ##...##.##......#
#)....#.# ##.##...##....##
#....รท..# ###.....##..##
#######'####### .....W#'c#..
.........# .....ucek'..
.........# ......'c.'..


You could see a purple very ugly thing, a Brimstone Fiend, 2 fire giants, a
yaktaur captain, an ettin, a centaur warrior, a deep elf knight and 3 centaurs.

Vanquished Creatures
  Rupert (D:13)
  Frances (D:13)
  3 thorn hunters
  9 greater nagas
  2 orc warlords (Orc:2)
  A vault warden (Vaults:1)
  Louise (D:14)
  Aizul (Snake:3)
  A very ugly thing (Swamp:1)
  An ironheart preserver (Vaults:1)
  The ghost of theElss the Peltast, a journeyman GrBe of Trog (Lair:8)
  A dire elephant (Lair:8)
  Nessos (Lair:7)
  Azrael (D:13)
  A minotaur (Lab)
  8 vault guards (Vaults:1)
  Josephine (Lair:7)
  2 fire dragons (D:15)
  A great orb of eyes (shapeshifter) (Vaults:1)
  2 yaktaur captains (Vaults:1)
  A hell beast (Lair:8)
  An ice dragon (Vaults:1)
  23 naga warriors
  29 hydras
  2 ghost crabs
  14 anacondas
  7 centaur warriors
  2 great orbs of eyes
  7 alligators
  2 tengu warriors (D:13)
  2 ogre magi (Vaults:1)
  The ghost of HopefulHyena the Cleaver, a novice MiFi of Trog (D:9)
  5 death yaks (Lair:7)
  An orc high priest (Orc:2)
  9 shock serpents
  Urug (D:13)
  14 naga sharpshooters
  3 spriggans
  2 spriggan berserkers (Swamp:4)
  A deep elf knight (Vaults:1)
  A salamander mystic (Snake:2)
  7 unseen horrors
  3 spriggan druids
  4 sea snakes (Snake:2)
  A wizard (Lair:8)
  The ghost of epen the Insei, a novice OpTm (D:7)
  2 lindwurms
  6 swamp dragons
  10 naga ritualists
  3 orc knights
  A deep elf archer (D:13)
  3 shambling mangroves
  3 ironbrand convokers (Vaults:1)
  12 hill giants
  10 ugly things
  16 mana vipers
  3 orc sorcerers
  4 oklob plants
  A wolf spider (D:11)
  9 cyclopes
  2 manticores
  4 deep elf magi
  11 salamanders
  A salamander (shapeshifter) (Vaults:1)
  28 naga magi
  57 black mambas
  4 guardian serpents
  3 vault sentinels (Vaults:1)
  Maurice (D:8)
  Psyche (D:11)
  17 elephants
  2 torpor snails
  4 gargoyles
  3 orange demons (Lair:8)
  24 spiny frogs
  A kobold demonologist (Vaults:1)
  A rime drake (Lair:8)
  8 yaktaurs
  A freezing wraith (D:14)
  13 komodo dragons
  A hellwing (Lair:8)
  6 ice devils (Lair:8)
  A polar bear (Lair:4)
  A red devil (Lair:8)
  5 two-headed ogres
  7 trolls
  11 bog bodies
  13 blink frogs
  A boulder beetle (Lair:6)
  3 giant leeches
  20 slime creatures
  A redback (Vaults:1)
  Sigmund (D:4)
  2 vampires
  A shadow (Swamp:2)
  30 yaks
  3 wyverns
  3 fire elementals (D:13)
  A basilisk (D:14)
  5 wraiths
  4 hogs (D:12)
  24 vampire mosquitoes
  A hungry ghost (D:9)
  10 hippogriffs
  Menkaure (D:4)
  A mottled dragon (Vaults:1)
  6 insubstantial wisps
  A mottled dragon (shapeshifter) (Vaults:1)
  59 nagas
  24 swamp worms
  2 soldier ants
  18 water moccasins
  8 wargs
  Edmund (D:4)
  4 hell hounds (D:13)
  Duvessa (D:6)
  17 swamp drakes
  6 porcupines
  3 black bears
  40 orc warriors
  11 wasps
  11 sky beasts
  A black bear (shapeshifter) (Vaults:1)
  5 ice beasts
  An eye of draining (shapeshifter) (Vaults:1)
  A boggart (D:13)
  15 centaurs
  3 phantoms
  10 wolves
  13 ogres
  17 crocodiles
  6 big kobolds
  13 giant frogs
  2 gnoll sergeants
  Dowan (D:6)
  A wyvern zombie (D:10)
  2 scorpions
  10 killer bees
  15 wights
  2 howler monkeys
  7 electric eels
  10 crimson imps
  4 giant frog zombies
  3 giant frog skeletons
  28 orc priests
  4 jellies
  9 centaur skeletons
  9 hounds
  9 iguanas
  Natasha (thrice) (D:3 D:5)
  28 orc wizards
  8 hell rats (Lair:7)
  9 worker ants
  12 sheep
  A hound skeleton (D:4)
  Robin (D:4)
  A howler monkey zombie (D:8)
  A howler monkey skeleton (D:7)
  3 worker ant zombies
  18 adders
  23 gnolls
  61 river rats
  A shadow imp (D:15)
  3 adder skeletons
  2 dart slugs
  8 worms
  3 giant geckos
  103 orcs
  13 bats
  4 giant cockroaches
  12 goblins
  8 hobgoblins
  15 jackals
  22 kobolds
  4 quokkas
  4 ball pythons
  A giant cockroach zombie (D:6)
  A giant gecko skeleton (D:5)
  6 giant newts
  A quokka skeleton (D:5)
  A quokka zombie (D:6)
  25 rats
  A bush (D:14)
  10 fungi
  14 plants
1454 creatures vanquished.

Vanquished Creatures (collateral kills)
  Kirke (D:12)
  An orc warlord (Orc:1)
  A yaktaur captain (Vaults:1)
  A naga sharpshooter (Snake:4)
  A giant orange brain (Vaults:1)
  2 ironbrand convokers (Vaults:1)
  A deep elf archer (Vaults:1)
  3 black mambas (Snake:4)
  A freezing wraith (Vaults:1)
  An orc warrior (Orc:1)
  An orc wizard (Orc:1)
14 creatures vanquished.

Vanquished Creatures (others)
  A swamp dragon (Swamp:4)
  The ghost of nikopol the Chopper, an amateur MiBe of Trog (D:4)
  4 insubstantial wisps (Swamp:3)
  A killer bee (D:13)
  An orc (D:8)
  36 fungi
  42 plants
86 creatures vanquished.

Grand Total: 1554 creatures vanquished

Notes
Turn   | Place    | Note
--------------------------------------------------------------
     0 | D:1      | nikopol the Minotaur Berserker began the quest for the Orb.
     0 | D:1      | Reached XP level 1. HP: 19/19 MP: 0/0
   221 | D:1      | Reached XP level 2. HP: 24/27 MP: 1/1
   742 | D:2      | Reached skill level 4 in Axes
   742 | D:2      | Reached XP level 3. HP: 22/33 MP: 2/2
  1160 | D:2      | Reached ** piety under Trog
  1302 | D:2      | Reached XP level 4. HP: 40/40 MP: 3/3
  1533 | D:3      | Found a shattered altar of Ashenzari.
  1628 | D:3      | Noticed Natasha
  1647 | D:3      | Killed Natasha
  1757 | D:3      | Noticed Natasha
  1760 | D:3      | Killed Natasha
  1863 | D:3      | Reached XP level 5. HP: 46/47 MP: 4/4
  2474 | D:4      | Noticed Sigmund
  2479 | D:4      | Reached skill level 5 in Axes
  2487 | D:4      | Reached *** piety under Trog
  2492 | D:4      | Killed Sigmund
  2492 | D:4      | Reached skill level 5 in Fighting
  2492 | D:4      | Reached XP level 6. HP: 22/56 MP: 5/5
  2507 | D:4      | Killed nikopol's ghost
  2988 | D:4      | Noticed Robin
  3000 | D:4      | Killed Robin
  3000 | D:4      | Reached XP level 7. HP: 62/62 MP: 6/6
  3003 | D:4      | Reached skill level 5 in Armour
  3235 | D:4      | Reached skill level 6 in Axes
  3263 | D:4      | Noticed Edmund
  3270 | D:4      | Killed Edmund
  3270 | D:4      | Reached skill level 5 in Dodging
  3296 | D:4      | Noticed Menkaure
  3301 | D:4      | Killed Menkaure
  3487 | D:4      | Found a staircase to the Ecumenical Temple.
  3649 | D:5      | Entered Level 5 of the Dungeon
  3694 | D:5      | Reached XP level 8. HP: 42/71 MP: 7/7
  3707 | D:5      | Found a blossoming altar of Fedhas.
  3727 | D:5      | Gained mutation: Your mind is acute. (Int +2) [potion of beneficial mutation]
  3731 | D:5      | Reached **** piety under Trog
  3766 | D:5      | Reached skill level 7 in Axes
  3784 | D:5      | Found Faguon's Antique Weapon Shop.
  3790 | D:5      | Reached skill level 1 in Bows
  4344 | D:5      | Noticed Natasha
  4347 | D:5      | Killed Natasha
  4446 | D:5      | Found a stormy altar of Qazlal.
  4465 | D:5      | Found a glowing golden altar of the Shining One.
  4466 | D:5      | Found a white marble altar of Elyvilon.
  4845 | D:6      | Found a sacrificial altar of Ru.
  4863 | D:6      | Found Debem's Antique Weapon Boutique.
  5055 | D:6      | Noticed Dowan
  5056 | D:6      | Noticed Duvessa
  5063 | D:6      | Killed Duvessa
  5067 | D:6      | Killed Dowan
  5067 | D:6      | Reached skill level 8 in Axes
  5231 | D:6      | Reached XP level 9. HP: 27/79 MP: 8/8
  6239 | D:6      | Found Ovvobra's Book Boutique.
  6536 | D:7      | Noticed epen's ghost (novice OpTm)
  6561 | D:7      | Killed epen's ghost
  6561 | D:7      | Reached skill level 9 in Axes
  6561 | D:7      | Reached skill level 5 in Bows
  6980 | D:7      | Found Kiwavas's Gadget Emporium.
  7411 | D:8      | Reached ***** piety under Trog
  7567 | D:8      | Found a shadowy altar of Dithmenos.
  7577 | D:8      | Reached skill level 10 in Axes
  7659 | D:8      | Noticed Maurice
  7670 | D:8      | Killed Maurice
  7670 | D:8      | Reached XP level 10. HP: 78/88 MP: 9/9
  7854 | D:8      | Received a gift from Trog
  7884 | D:8      | Found a sparkling altar of Nemelex Xobeh.
  8813 | D:9      | Noticed HopefulHyena's ghost (novice MiFi)
  8840 | D:9      | Killed HopefulHyena's ghost
  9038 | D:9      | Found Saumug's Antique Armour Emporium.
  9048 | D:9      | Bought a pitted scale mail for 252 gold pieces
  9048 | D:9      | Bought a pair of embroidered gloves for 126 gold pieces
  9060 | D:9      | Identified the +8 scale mail of Fortification {rElec rF+ rN+ Int-3} (You bought it in a shop on level 9 of the Dungeon)
  9197 | D:9      | Found Xoff's Food Emporium.
  9533 | D:9      | Reached skill level 11 in Axes
  9637 | D:9      | Received a gift from Trog
  9803 | D:10     | Entered Level 10 of the Dungeon
 10114 | D:10     | Noticed a hill giant
 10128 | D:10     | Killed a hill giant
 10369 | D:10     | Reached XP level 11. HP: 97/97 MP: 10/10
 10975 | D:11     | Found Razosie's Book Shop.
 11012 | D:11     | Noticed a wolf spider
 11019 | D:11     | Killed a wolf spider
 11019 | D:11     | Received a gift from Trog
 11219 | D:11     | Noticed a hill giant
 11226 | D:11     | Killed a hill giant
 11645 | D:11     | Reached skill level 12 in Axes
 11653 | D:11     | Noticed Psyche
 11662 | D:11     | Killed Psyche
 12102 | D:11     | Found a staircase to the Lair.
 12241 | D:11     | Found a stormy altar of Qazlal.
 12654 | Lair:1   | Entered Level 1 of the Lair of Beasts
 12654 | Lair:1   | Noticed an oklob plant
 12672 | Lair:1   | Killed an oklob plant
 12707 | Lair:1   | Found a labyrinth entrance.
 12717 | Lab      | Entered a labyrinth
 13120 | Lab      | Noticed a minotaur
 13129 | Lab      | Killed a minotaur
 13349 | Lab      | Got an ichor-stained hand axe
 14134 | Lair:1   | Reached skill level 10 in Fighting
 14143 | Lair:2   | Received a gift from Trog
 14144 | Lair:2   | Reached skill level 10 in Bows
 14152 | Lair:2   | Reached XP level 12. HP: 94/106 MP: 11/11
 14157 | Lair:2   | Reached skill level 10 in Armour
 14159 | Lair:2   | Reached skill level 13 in Axes
 14606 | Lair:2   | Noticed an eight-headed hydra
 14621 | Lair:2   | Killed a ten-headed hydra
 15075 | Lair:2   | Noticed a six-headed hydra
 15089 | Lair:2   | Killed an 11-headed hydra
 15219 | Lair:3   | Noticed an eight-headed hydra
 15236 | Lair:3   | Killed an eight-headed hydra
 15341 | Lair:3   | Found a staircase to the Swamp.
 15971 | Lair:3   | Received a gift from Trog
 16044 | Lair:4   | Noticed a four-headed hydra
 16058 | Lair:4   | Killed a nine-headed hydra
 16210 | Lair:4   | Noticed an eight-headed hydra
 16219 | Lair:4   | Killed an 11-headed hydra
 16224 | Lair:4   | Reached skill level 14 in Axes
 16674 | Lair:4   | Received a gift from Trog
 16739 | Lair:4   | Found a staircase to the Snake Pit.
 16774 | Lair:4   | Reached XP level 13. HP: 96/116 MP: 12/12
 16786 | Lair:4   | Reached skill level 10 in Dodging
 18320 | Lair:6   | Reached ****** piety under Trog
 18320 | Lair:6   | Received a gift from Trog
 18922 | Lair:6   | Received a gift from Trog
 19027 | Lair:7   | Noticed Josephine
 19044 | Lair:7   | Killed Josephine
 19125 | Lair:7   | Noticed Nessos
 19146 | Lair:7   | Killed Nessos
 19652 | Lair:7   | Reached skill level 15 in Axes
 21015 | Lair:7   | Received a gift from Trog
 21027 | Lair:8   | Entered Level 8 of the Lair of Beasts
 21244 | Lair:8   | Reached XP level 14. HP: 116/126 MP: 13/13
 21479 | Lair:8   | Paralysed by a wizard for 7 turns
 22082 | Lair:8   | Found a burning altar of Makhleb.
 22088 | Lair:8   | Found a gateway to Hell.
 22161 | Lair:8   | Noticed theElss's ghost (journeyman GrBe)
 22178 | Lair:8   | Killed theElss's ghost
 22325 | Lair:8   | Reached skill level 16 in Axes
 22681 | Lair:8   | Found a staircase to the Slime Pits.
 23500 | D:12     | Received a gift from Trog
 23501 | D:12     | Found Rosamn's Antique Weapon Shop.
 23534 | D:12     | Bought a fine shortbow for 184 gold pieces
 23538 | D:12     | Identified the +7 shortbow "Efrehur" {venom, Fragile rElec Int+2} (You bought it in a shop on level 12 of the Dungeon)
 23660 | D:12     | Noticed Kirke
 23713 | D:12     | Got an encrusted hand axe
 23798 | D:12     | Found a staircase to the Orcish Mines.
 23866 | D:12     | Killed Kirke
 24504 | Orc:1    | Entered Level 1 of the Orcish Mines
 24668 | Orc:2    | Entered Level 2 of the Orcish Mines
 24846 | Orc:2    | Received a gift from Trog
 24902 | Orc:2    | Found a roughly hewn altar of Beogh.
 25022 | Orc:2    | Found Jifathok's Distillery.
 25089 | Orc:2    | Found a roughly hewn altar of Beogh.
 25091 | Orc:2    | Received a gift from Trog
 25095 | Orc:2    | Got a shimmering shortbow {god gift}
 25097 | Orc:2    | Identified the +6 shortbow "Fechaaz" {velocity, Int+2} (Trog gifted it to you on level 2 of the Orcish Mines)
 25221 | Orc:2    | Found a staircase to the Elven Halls.
 25330 | Orc:2    | Found a roughly hewn altar of Beogh.
 25344 | Orc:2    | Noticed an orc warlord
 25477 | Orc:2    | Found a roughly hewn altar of Beogh.
 25486 | Orc:2    | Received a gift from Trog
 25649 | Orc:2    | Killed an orc warlord
 25959 | Orc:2    | Found Nix Jawk's Antique Armour Shoppe.
 25975 | Orc:2    | Bought a pair of transparent gloves for 304 gold pieces
 25984 | Orc:2    | Noticed an orc warlord
 25998 | Orc:2    | Killed an orc warlord
 26377 | Orc:2    | Found Vesma's Antique Armour Shoppe.
 26379 | Orc:2    | Found a roughly hewn altar of Beogh.
 26386 | Orc:2    | Found Uqug's Antique Weapon Emporium.
 26597 | Orc:1    | Noticed an orc warlord
 26600 | Orc:1    | Reached XP level 15. HP: 89/135 MP: 14/14
 26614 | Orc:1    | HP: 8/202 [orc warlord/war axe (20)]
 26616 | Orc:1    | HP: 2/202 [orc warlord/war axe (7)]
 26635 | Orc:1    | Killed an orc warlord
 26904 | Orc:1    | Found Gidoutte's Antique Weapon Shop.
 27005 | Orc:1    | Received a gift from Trog
 27426 | D:13     | Noticed Azrael
 27426 | D:13     | Reached skill level 17 in Axes
 27441 | D:13     | Killed Azrael
 27499 | D:13     | Noticed Frances
 27514 | D:13     | Killed Frances
 27551 | D:13     | Identified the +0 pair of gloves "Tejenaxy" {rC+ rN+ Stlth-} (You bought it in a shop on level 2 of the Orcish Mines)
 28435 | D:13     | Received a gift from Trog
 30019 | D:13     | Noticed Urug
 30030 | D:13     | Killed Urug
 30249 | D:13     | Found a gate to the Vaults.
 30590 | D:14     | Noticed Rupert
 30609 | D:13     | Killed Rupert
 30949 | D:14     | Noticed Louise
 30961 | D:14     | Killed Louise
 30961 | D:14     | Reached skill level 18 in Axes
 31526 | D:14     | Found Safur's Jewellery Emporium.
 31596 | D:14     | Found Cemy's Food Shop.
 31998 | D:14     | Found Wagomi's Jewellery Boutique.
 32005 | D:14     | Received a gift from Trog
 32052 | D:14     | Found Atearuom's Weapon Shoppe.
 32208 | D:14     | Found Ahoxe's Armour Boutique.
 32348 | D:15     | Entered Level 15 of the Dungeon
 32372 | D:15     | Reached XP level 16. HP: 118/146 MP: 15/15
 32706 | D:15     | Found Nifuboth's Weapon Emporium.
 32772 | D:15     | Found a staircase to the Depths.
 32838 | D:15     | Reached skill level 15 in Bows
 33052 | D:15     | Found a snail-covered altar of Cheibriados.
 33675 | Swamp:1  | Entered Level 1 of the Swamp
 34176 | Swamp:1  | Received a gift from Trog
 35254 | Swamp:3  | Noticed a thorn hunter
 35269 | Swamp:3  | Killed a thorn hunter
 35301 | Swamp:3  | Reached skill level 19 in Axes
 36271 | Swamp:4  | Entered Level 4 of the Swamp
 36336 | Swamp:4  | Noticed a thorn hunter
 36798 | Swamp:4  | Killed a thorn hunter
 37269 | Swamp:3  | Received a gift from Trog
 37361 | Swamp:4  | Reached XP level 17. HP: 127/154 MP: 16/16
 37445 | Swamp:4  | Reached skill level 15 in Fighting
 38789 | Swamp:4  | Got a decaying rune of Zot
 39057 | Snake:1  | Entered Level 1 of the Snake Pit
 39075 | Snake:1  | Received a gift from Trog
 39199 | Snake:1  | Got a faintly glowing steel ring
 39227 | Snake:1  | Identified the ring of Coasoef {*Corrode rElec Str+2 Stlth+} (You found it on level 1 of the Snake Pit)
 39532 | Snake:2  | Reached skill level 15 in Armour
 39934 | Snake:2  | Reached skill level 20 in Axes
 40977 | Snake:2  | Received a gift from Trog
 41145 | Snake:2  | Got a pitted shortbow {god gift}
 41212 | Snake:2  | Identified the +9 shortbow "Vopuz" {flame, rElec Dex+2} (Trog gifted it to you on level 2 of the Snake Pit)
 41533 | Snake:2  | Found a runed gate.
 41533 | Snake:2  | Found a runed gate.
 41533 | Snake:2  | Found a runed gate.
 42265 | Snake:2  | Received a gift from Trog
 42422 | Snake:3  | Reached XP level 18. HP: 123/166 MP: 0/17
 42530 | Snake:3  | Noticed Aizul
 42544 | Snake:3  | Killed Aizul
 43370 | Snake:3  | Reached skill level 21 in Axes
 44078 | Snake:4  | Entered Level 4 of the Snake Pit
 44120 | Snake:4  | Received a gift from Trog
 45091 | Snake:4  | Received a gift from Trog
 45321 | Snake:4  | Reached skill level 15 in Dodging
 45571 | Snake:4  | Received a gift from Trog
 45713 | Snake:4  | Received a gift from Trog
 45952 | Snake:4  | Found a runed door.
 46114 | Snake:4  | Received a gift from Trog
 46197 | Snake:4  | Got a serpentine rune of Zot
 46557 | Snake:4  | Reached XP level 19. HP: 115/174 MP: 13/18
 46940 | Snake:4  | Reached skill level 22 in Axes
 46982 | Snake:4  | Gained mutation: You have a pair of large horns on your head. [potion of beneficial mutation]
 47006 | Snake:4  | Received a gift from Trog
 47334 | Vaults:1 | Entered Level 1 of the Vaults
 48132 | Vaults:1 | Received a gift from Trog
 48350 | Vaults:1 | Noticed a lich
 48377 | Vaults:1 | Noticed a Brimstone Fiend
 48377 | Vaults:1 | HP: 3/177 [ettin/dire flail (12)]
 48377 | Vaults:1 | Shot with an arrow by a centaur warrior

Skill      XL: |  1  2  3  4  5  6  7  8  9 10 11 12 13 14 15 16 17 18 19 |
---------------+----------------------------------------------------------+-----
Fighting       | 4 5 6 7 8 9 10 11 12 13 14 15 16 17 | 17.0
Axes           | 4 5 6 8 10 11 12 14 15 16 18 19 20 21 22 | 22.4
Armour         | 3 4 5 6 7 8 9 10 11 12 13 14 15 16 | 16.6
Dodging        | 3 4 5 6 7 8 9 10 11 12 13 14 15 | 15.4
Bows           | 3 6 8 10 11 13 14 15 16 17 | 17.1

Action                   |  1- 3 |  4- 6 |  7- 9 | 10-12 | 13-15 | 16-18 | 19-21 || total
-------------------------+-------+-------+-------+-------+-------+-------+-------++-------
Melee: Hand axe          |    53 |       |       |       |       |       |       ||    53
       Headbutt          |    11 |    21 |    45 |   107 |   217 |   144 |    37 ||   582
       War axe           |    11 |   109 |   212 |   359 |   115 |       |       ||   806
       Executioner's axe |       |       |       |     3 |       |     4 |       ||     7
       Broad axe         |       |       |       |       |   154 |       |       ||   154
       Battleaxe         |       |       |       |       |   558 |   575 |   101 ||  1234
       Shortbow          |       |       |       |       |     1 |     2 |     1 ||     4
 Fire: Shortbow          |       |       |    94 |   468 |   591 |  1672 |   120 ||  2945
       Longbow           |       |       |       |       |   233 |       |       ||   233
Invok: Burn Spellbooks   |     1 |       |     2 |     1 |     4 |       |     3 ||    11
       Berserk           |       |     3 |     3 |     7 |    10 |     4 |     2 ||    29
       Trog's Hand       |       |       |     1 |       |     2 |     1 |     1 ||     5
       Brothers in Arms  |       |       |       |       |     2 |     1 |     1 ||     4
  Use: Scroll            |       |       |    11 |    14 |     8 |    12 |     1 ||    46
       Potion            |       |       |     1 |       |     1 |       |     1 ||     3
 Stab: Confused          |       |       |       |       |       |     1 |       ||     1
  Eat: Chunk             |       |     9 |    13 |    26 |    47 |    31 |     7 ||   133
       Beef jerky        |       |       |     3 |     3 |     1 |     2 |       ||     9
       Fruit             |       |       |     1 |     2 |     8 |     4 |       ||    15
       Meat ration       |       |       |       |     1 |       |       |       ||     1
       Pizza             |       |       |       |       |     2 |     3 |     1 ||     6
       Royal jelly       |       |       |       |       |       |     2 |       ||     2
Armor: Animal skin       |     6 |       |       |       |       |       |       ||     6
       Leather armour    |     9 |       |       |       |       |       |       ||     9
       Ring mail         |       |    36 |    24 |       |       |       |       ||    60
       Scale mail        |       |       |    34 |   240 |   493 |   410 |    80 ||  1257
Dodge: Dodged            |    46 |    61 |   170 |   383 |   696 |   765 |    96 ||  2217
